 Dungeon Crawl Stone Soup version 0.30-a0-172-gc5509c9e31 (webtiles) character file.

Game seed: 7212621620668162184

833 qw the Chopper (level 7, -2/44 HPs)
             Began as a Gargoyle Fighter on Oct 1, 2022.
             Slain by a gnoll
             ... wielding a +0 halberd
             ... led by a gnoll bouda
              (3 damage)
             ... on level 5 of the Dungeon.
             The game lasted 00:01:30 (3481 turns).

qw the Chopper (Gargoyle Fighter)                   Turns: 3481, Time: 00:01:30

Health: -2/44      AC: 17    Str: 26    XL:     7   Next: 98%
Magic:  7/7        EV:  8    Int: 12    God:
Gold:   3          SH:  5    Dex: 15    Spells: 6/6 levels left

rFire   . . .      SeeInvis .    Y - +0 broad axe (drain)
rCold   . . .      Faith    .    c - +0 buckler
rNeg    + . .      Spirit   .    i - +0 chain mail
rPois   inf        Reflect  .    (no helmet)
rElec   +          Harm     .    (no cloak)
rCorr   .          Rampage  .    (no gloves)
Will    .....                    (no boots)
Stlth   ..........               b - amulet of Fexige {RegenMP rPois Str+4 Int+4}
HPRegen 0.27/turn                e - +4 ring of protection
MPRegen 0.50/turn                h - +6 ring of dexterity

@: no status effects
A: sickness immunity, AC +4, negative energy resistance 1, electricity
resistance, torment resistance 1, petrification resistance
a: no special abilities


You were on level 5 of the Dungeon.
You visited 2 branches of the dungeon, and saw 7 of its levels.

You collected 188 gold pieces.
You spent 185 gold pieces at shops.


Innate Abilities, Weirdness & Mutations

You are immune to sickness and miasma.
Your stone body is resilient. (AC +4)
You are immune to poison.
You resist negative energy. (rN+)
You are resistant to electric shocks. (rElec)
You are resistant to unholy torment.
You are immune to petrification.


   Skills:
 - Level 5.4 Fighting
 + Level 7.1 Axes
 - Level 3.2 Armour
 - Level 1.0 Dodging
 - Level 3.2 Shields


You had 6 spell levels left.
You didn't know any spells.
Your spell library was empty.

Inventory:

Hand Weapons
 a - a +0 flail
 Y - a +0 broad axe of draining (weapon)
Armour
 c - a +0 buckler (worn)
 i - a +0 chain mail (worn)
Jewellery
 b - the amulet of Fexige (around neck) {RegenMP rPois Str+4 Int+4}
   (You acquired it on level 6 of the Dungeon)

   [amulet of magic regeneration]

   It increases your rate of magic regeneration.
   Str:       It affects your strength (+4).
   Int:       It affects your intelligence (+4).
   rPois:     It protects you from poison.
 e - a +4 ring of protection (left hand)
 h - a +6 ring of dexterity (right hand)
Scrolls
 f - 4 scrolls of teleportation {unknown}
 j - 2 scrolls of identify
Potions
 d - 3 potions of might
 m - 2 potions of curing

Dungeon Overview and Level Annotations

Branches:
Dungeon (6/15)             Temple (1/1) D:4

Altars:
Cheibriados
Elyvilon
Fedhas
Gozag
Hepliaklqana
Kikubaaqudgha
Nemelex Xobeh
Ru
Sif Muna
Trog
Uskayaw
Vehumet
Wu Jian
Xom
Zin
The Shining One

Shops:
D:6 **

Annotations:
D:2 1 runed translucent door, Crazy Yiuf
D:4 1 transporter


Message History

The gnoll hits you from afar with a +0 spear.
A gnoll comes into view. It is wielding a +0 halberd.
You block the gnoll's attack.
Blork the orc hits you but does no damage.
There is an open door here.
You closely miss Blork the orc. You barely miss the gnoll.
You block the gnoll's attack.
Blork the orc hits you but does no damage.
You barely miss the gnoll bouda. You slash Blork the orc!
You drain Blork the orc. You hit the gnoll but do no damage.
You drain the gnoll. The gnoll hits you but does no damage.
The gnoll bouda hits you with a +0 whip.
Blork the orc barely misses you. The gnoll hits you but does no damage.
You block Blork the orc's attack. The gnoll bouda barely misses you.
You slash Blork the orc! You drain Blork the orc.
Blork the orc is almost dead.
You hit the gnoll bouda. You drain the gnoll bouda.
You hit the gnoll but do no damage. You drain the gnoll.
The gnoll closely misses you. You block the gnoll's attack.
Blork the orc gestures at you while chanting.
The magic dart hits you!
The gnoll bouda hits you with a +0 whip.
The gnoll barely misses you.
You hit Blork the orc.
You kill Blork the orc!
You hit the gnoll bouda but do no damage.
You barely miss the gnoll.
The gnoll is no longer moving quickly.
The gnoll closely misses you.
The gnoll hits you from afar with a +0 halberd.
The gnoll bouda hits you but does no damage.
The gnoll closely misses you. You block the gnoll's attack.
Your Fighting skill increases to level 5!
You slash the gnoll bouda!
You kill the gnoll bouda!
You closely miss the gnoll.
The gnoll hits you from afar with a +0 halberd!
The gnoll hits you with a +0 whip. The gnoll hits you but does no damage.
The gnoll hits you from afar with a +0 halberd.
You die...

.......#............#
.......#.<..........#
.......#............#
...>...'............#
.......#............#
.......#...##'####+#####
#.....##...##...#.......
#.....#....#....#)......
#.....#....#...)@)g.....
#.....#....#....#gg.....
#.....#....#....#)$.....
'.....#....#....#....$..
#.....# +....#.......
#....># #....#.......
#.....# ######.......
.....## ......# .....#


You could see 3 gnolls.

Vanquished Creatures
  A black bear (D:4)
  A phantom (D:5)
  Blork the orc (D:5)
  2 scorpions
  3 wights (D:6)
  A howler monkey (D:6)
  A hound (D:4)
  2 orc priests (D:3)
  A gnoll bouda (D:5)
  An orc wizard (D:6)
  Terence (D:3)
  A gnoll (D:5)
  5 adders
  A worm (D:3)
  A dart slug (D:2)
  13 orcs
  9 ball pythons
  4 bats
  7 endoplasms
  2 giant cockroaches
  5 goblins
  7 hobgoblins
  7 jackals
  4 kobolds
  A quokka (D:3)
  3 frilled lizards (D:3)
  8 rats
93 creatures vanquished.

Vanquished Creatures (others)
  2 plants (D:5)
2 creatures vanquished.

Grand Total: 95 creatures vanquished

Notes
Turn   | Place    | Note
-------+----------+-------------------------------------------
     0 | D:1      | qw the Gargoyle Fighter began the quest for the Orb.
     0 | D:1      | Reached XP level 1. HP: 14/14 MP: 1/1
     0 | D:1      | 0 ||| qw: Version: 0.2-a-13-gfc7b4b4
     0 | D:1      | 0 ||| qw: Game counter: 1782
     0 | D:1      | 0 ||| qw: Always use a shield: true
     0 | D:1      | 0 ||| qw: God list: Okawaru
     0 | D:1      | 0 ||| qw: Allow faded altars: false
     0 | D:1      | 0 ||| qw: Do Orc after D:15 true
     0 | D:1      | 0 ||| qw: Do second Lair branch before Depths: true
     0 | D:1      | 0 ||| qw: Lair rune preference: random
     0 | D:1      | 0 ||| qw: Plans: Normal, Zot:1-4, God:TSO, Crypt, Tomb,
                  | Pan, Slime:5, Hells, Abyss, Orb
     0 | D:1      | 0 ||| PLANNING D:1-11
    25 | D:1      | Found a faded altar of an unknown god.
    37 | D:1      | 37 ||| Stepping ~*~*~tactically~*~*~ (stealth).
    48 | D:1      | Reached skill level 2 in Axes
   121 | D:1      | Reached XP level 2. HP: 19/19 MP: 2/2
   339 | D:1      | Reached skill level 3 in Axes
   358 | D:1      | 358 ||| Stepping ~*~*~tactically~*~*~ (stealth).
   363 | D:1      | 363 ||| Stepping ~*~*~tactically~*~*~ (stealth).
   364 | D:1      | 364 ||| Stepping ~*~*~tactically~*~*~ (stealth).
   400 | D:1      | 400 ||| Stepping ~*~*~tactically~*~*~ (stealth).
   401 | D:1      | 401 ||| Stepping ~*~*~tactically~*~*~ (stealth).
   413 | D:1      | Reached XP level 3. HP: 23/23 MP: 3/3
   792 | D:1      | 792 ||| UPGRADING to +4 ring of protection.
   793 | D:1      | 793 ||| UPGRADING to +6 ring of dexterity.
   794 | D:1      | 794 ||| READING scroll labelled RUPSYA QUXTISA.
   795 | D:1      | 795 ||| READING scroll labelled SUTUTEU DYSUA.
   796 | D:1      | 796 ||| READING scroll labelled LAOGEZ HAMYA.
   882 | D:2      | 882 ||| Stepping ~*~*~tactically~*~*~ (stealth).
  1006 | D:2      | Reached skill level 1 in Dodging
  1190 | D:2      | Found a runed translucent door.
  1191 | D:2      | Noticed Crazy Yiuf
  1194 | D:2      | 1194 ||| DROPPING scarf of harm.
  1195 | D:2      | 1195 ||| READING 4 scrolls labelled LUIDIT NUFAVA.
  1196 | D:2      | 1196 ||| READING 3 scrolls of enchant weapon.
  1196 | D:2      | 1196 ||| ENCHANTING +1 war axe.
  1197 | D:2      | 1197 ||| READING 2 scrolls of enchant weapon.
  1197 | D:2      | 1197 ||| ENCHANTING +2 war axe.
  1198 | D:2      | 1198 ||| READING scroll of enchant weapon.
  1198 | D:2      | 1198 ||| ENCHANTING +3 war axe.
  1199 | D:2      | 1199 ||| READING scroll labelled IBUS UFURGHEE.
  1200 | D:2      | 1200 ||| READING scroll labelled XODUCS QOUTERCH.
  1201 | D:2      | 1201 ||| READING scroll labelled WASTRO FOUROUJ.
  1202 | D:2      | 1202 ||| READING scroll labelled LOMNI PAJISA.
  1203 | D:2      | 1203 ||| DRINKING 2 metallic silvery potions.
  1224 | D:3      | 1224 ||| Stepping ~*~*~tactically~*~*~ (stealth).
  1228 | D:3      | 1228 ||| Stepping ~*~*~tactically~*~*~ (stealth).
  1234 | D:3      | Reached XP level 4. HP: 28/28 MP: 4/4
  1269 | D:3      | Noticed Terence
  1277 | D:3      | Killed Terence
  1306 | D:3      | 1306 ||| DROPPING +0 club.
  1347 | D:3      | Identified the +5 dagger of the Many Moons {vorpal, Drain
                  | rPois rC++ rCorr}
  1405 | D:3      | Reached skill level 4 in Axes
  1433 | D:3      | Found a hide-covered altar of Uskayaw.
  1485 | D:3      | 1485 ||| Stepping ~*~*~tactically~*~*~ (stealth).
  1488 | D:3      | 1488 ||| Stepping ~*~*~tactically~*~*~ (stealth).
  1746 | D:3      | Reached XP level 5. HP: 29/32 MP: 5/5
  1769 | D:3      | 1769 ||| Stepping ~*~*~tactically~*~*~ (hiding).
  1981 | D:3      | Found a glowing golden altar of the Shining One.
  2200 | D:3      | 2200 ||| Stepping ~*~*~tactically~*~*~ (hiding).
  2422 | D:3      | 2422 ||| UPGRADING to +0 chain mail.
  2432 | D:3      | 2432 ||| DROPPING +0 scale mail.
  2439 | D:3      | 2439 ||| READING scroll labelled TYHEETS NUAMAZ.
  2487 | D:4      | 2487 ||| STAIRDANCE
  2489 | D:4      | Reached skill level 5 in Axes
  2492 | D:4      | 2492 ||| STAIRDANCE
  2599 | D:4      | Found a transporter.
  2611 | D:4      | Found a staircase to the Ecumenical Temple.
  2612 | D:4      | 2612 ||| PLANNING TEMPLE
  2612 | D:4      | 2612 ||| READING 2 scrolls of identify.
  2612 | D:4      | 2612 ||| IDENTIFYING dark potion
  2613 | D:4      | 2613 ||| DROPPING potion of flight.
  2615 | D:4      | Noticed a black bear
  2621 | D:4      | 2621 ||| FLEEEEING.
  2622 | D:4      | 2622 ||| FLEEEEING.
  2623 | D:4      | 2623 ||| FLEEEEING.
  2624 | D:4      | 2624 ||| FLEEEEING.
  2625 | D:4      | 2625 ||| FLEEEEING.
  2626 | D:4      | 2626 ||| FLEEEEING.
  2627 | D:4      | 2627 ||| FLEEEEING.
  2628 | D:4      | 2628 ||| FLEEEEING.
  2629 | D:4      | 2629 ||| FLEEEEING.
  2630 | D:4      | 2630 ||| FLEEEEING.
  2631 | D:4      | 2631 ||| FLEEEEING.
  2632 | D:4      | 2632 ||| FLEEEEING.
  2633 | D:4      | 2633 ||| FLEEEEING.
  2634 | D:4      | 2634 ||| STAIRDANCE
  2652 | D:4      | Killed a black bear
  2653 | D:4      | Reached XP level 6. HP: 39/40 MP: 6/6
  2653 | D:4      | 2653 ||| STAIRDANCE
  2718 | Temple   | Entered the Ecumenical Temple
  2879 | Temple   | 2879 ||| PLANNING D:1-11
  2961 | D:4      | Found an ancient bone altar of Kikubaaqudgha.
  3068 | D:4      | You fall into a shaft and drop 2 floors!
  3068 | D:6      | Found Agoydi's General Store.
  3076 | D:6      | 3076 ||| BUYING +0 broad axe of draining (128 gold).
  3076 | D:6      | Bought a +0 broad axe of draining for 128 gold pieces
  3076 | D:6      | 3076 ||| SHOPLISTING +3 chain mail "Guisible" {rF+ Str+5
                  | Int-5} (469 gold, have 60).
  3076 | D:6      | 3076 ||| SHOPLISTING potion of cancellation (112 gold, have
                  | 60).
  3076 | D:6      | 3076 ||| BUYING scroll of identify (28 gold).
  3076 | D:6      | Bought a scroll of identify for 28 gold pieces
  3076 | D:6      | 3076 ||| SWAPPING to +0 broad axe of draining.
  3077 | D:6      | 3077 ||| DROPPING +4 war axe.
  3128 | D:6      | HP: 10/40 [wight/+3 dagger (2)]
  3129 | D:6      | Reached XP level 7. HP: 11/44 MP: 7/7
  3129 | D:6      | 3129 ||| DRINKING potion of heal wounds.
  3132 | D:6      | Reached skill level 6 in Axes
  3189 | D:6      | 3189 ||| Stepping ~*~*~tactically~*~*~ (stealth).
  3190 | D:6      | 3190 ||| Stepping ~*~*~tactically~*~*~ (stealth).
  3237 | D:6      | Found Mithutou's Assorted Antiques.
  3247 | D:6      | 3247 ||| BUYING scroll labelled VULAN US RARGH (29 gold).
  3247 | D:6      | Bought a scroll labelled VULAN US RARGH for 29 gold pieces
  3247 | D:6      | 3247 ||| SHOPLISTING scroll labelled VUSEEJ DYSK (29 gold,
                  | have 3).
  3247 | D:6      | 3247 ||| SHOPLISTING scroll of identify (58 gold, have 3).
  3247 | D:6      | 3247 ||| SHOPLISTING shiny sapphire ring (145 gold, have
                  | 3).
  3247 | D:6      | 3247 ||| SHOPLISTING steel ring (145 gold, have 3).
  3254 | D:6      | 3254 ||| DROPPING ring of willpower.
  3255 | D:6      | 3255 ||| READING scroll labelled VULAN US RARGH.
  3255 | D:6      | 3255 ||| ACQUIRING amulet of Fexige {RegenMP rPois Str+4
                  | Int+4}
  3255 | D:6      | Acquired the amulet of Fexige {RegenMP rPois Str+4 Int+4}
  3257 | D:6      | 3257 ||| UPGRADING to amulet of Fexige {RegenMP rPois Str+4
                  | Int+4}.
  3262 | D:6      | 3262 ||| READING 3 scrolls of identify.
  3262 | D:6      | 3262 ||| IDENTIFYING coppery potion
  3271 | D:5      | Entered Level 5 of the Dungeon
  3272 | D:5      | 3272 ||| PLANNING OSSUARY
  3285 | D:5      | 3285 ||| Stepping ~*~*~tactically~*~*~ (water).
  3287 | D:5      | 3287 ||| Stepping ~*~*~tactically~*~*~ (water).
  3401 | D:5      | Reached skill level 7 in Axes
  3433 | D:5      | Found a snail-covered altar of Cheibriados.
  3433 | D:5      | Found an ornate altar of the Wu Jian Council.
  3434 | D:5      | Found a glowing silver altar of Zin.
  3470 | D:5      | Noticed Blork the orc
  3471 | D:5      | 3471 ||| Stepping ~*~*~tactically~*~*~ (hiding).
  3480 | D:5      | Killed Blork the orc
  3481 | D:5      | HP: 4/44 [gnoll/+0 halberd[a gnoll bouda] (9)]
  3481 | D:5      | HP: 1/44 [gnoll/+0 whip[a gnoll bouda] (3)]
  3481 | D:5      | Slain by a gnoll

Levels and vault maps discovered:
D:1:      zaba_arrival_water, layout_loops_ring,
          chequers_ecumenical_altar_simple_redux
D:2:      layout_rooms, uniq_crazy_yiuf_cottage
D:3:      layout_basic, general_overflow_altar, lemuel_round_altar, nrook_uturn,
          uniq_terence
D:4:      gammafunk_steamed_eel, layout_cave_pods,
          nicolae_kikubaaqudgha_miasma_corner, minmay_temple_entry_large_hall
D:5:      layout_gridville, gammafunk_temple_overflow_claw,
          nicolae_ossuary_entry_catacombs, minmay_misc_feat_x,
          serial_bayou_ford_a, uniq_blork_the_orc
D:6:      layout_basic, serial_shops, nicolae_shop_trees, kennysheep_mini_moat
Temple:   nicolae_temple_bog_church

Skill      XL: |  1  2  3  4  5  6  7 |
---------------+----------------------+-----
Axes           | 2 3 4 5 7 |  7.1
Dodging        | 1 |  1.0
Fighting       | 4 5 |  5.4
Armour         | |  3.2
Shields        | |  3.2

Action                   |  1- 3 |  4- 6 |  7- 9 || total
-------------------------+-------+-------+-------++-------
Melee: War axe           |   115 |    74 |       ||   189
       Broad axe         |       |    13 |    32 ||    45
  Use: Scroll            |    11 |     2 |     2 ||    15
       Potion            |     1 |       |     1 ||     2
Armor: Scale mail        |    56 |    19 |       ||    75
       Chain mail        |       |    29 |    25 ||    54
Dodge: Dodged            |    52 |    35 |    14 ||   101
Block: Buckler           |    25 |    20 |    10 ||    55

Table legend:
 A = Non-vault XP
 B = Vault XP
 C = Vault XP percentage of total XP
 D = Non-vault monster count
 E = Vault monster count
 F = Vault count percentage of total count
                 A         B        C        D         E       F
            +---------+---------+-------+---------+---------+-------
      Total |    1099 |     131 |  10.7 |      91 |       2 |   2.2
            +---------+---------+-------+---------+---------+-------
        D:1 |      48 |       0 |   0.0 |      28 |       0 |   0.0
        D:2 |      28 |       0 |   0.0 |      10 |       0 |   0.0
        D:3 |     157 |      32 |  16.9 |      31 |       1 |   3.1
        D:4 |     202 |       0 |   0.0 |       9 |       0 |   0.0
        D:5 |     269 |      99 |  26.9 |       6 |       1 |  14.3
        D:6 |     395 |       0 |   0.0 |       7 |       0 |   0.0
            +---------+---------+-------+---------+---------+-------
